 Dungeon Crawl Stone Soup version 0.18.1-50-g88ac8fd (webtiles) character file.

103 Rhaelyrin the Gusty (level 4, 0/27 HPs)
             Began as a High Elf Air Elementalist on Sept 24, 2016.
             Slain by Purgy (3 damage)
             ... on level 2 of the Dungeon.
             The game lasted 00:12:52 (4089 turns).

Rhaelyrin the Gusty (High Elf Air Elementalist)     Turns: 4089, Time: 00:12:54

Health: 0/27       AC:  5    Str:  7    XL:     4   Next: 51%
Magic:  0/8        EV: 10    Int: 19    God:
Gold:   121        SH:  0    Dex: 16    Spells: 3 memorised, 2 levels left

rFire  . . .     SeeInvis .     d - -2 dagger (curse)
rCold  . . .     Gourm    .     e - +0 ring mail
rNeg   . . .     Faith    .     (no shield)
rPois  .         Spirit   .     (no helmet)
rElec  .         Dismiss  .     (no cloak)
rCorr  .         Reflect  .     (no gloves)
SustAt .         Harm     .     (no boots)
MR     .....                    (no amulet)
Stlth  +.........               (no ring)
                                (no ring)

@: very slightly contaminated, not resistant to hostile enchantments, very
unstealthy
A: no striking features
a: no special abilities


You were on level 2 of the Dungeon.
You were not hungry.

You visited 1 branch of the dungeon, and saw 3 of its levels.

You collected 121 gold pieces.

Inventory:

Hand Weapons
 d - a cursed -2 dagger (weapon)
 m - a +0 long sword
 r - a +0 short sword
Armour
 e - a +0 ring mail (worn)
 j - a +0 shield
Jewellery
 g - an uncursed ring of positive energy {unknown}
 p - a +2 ring of dexterity {unknown}
Scrolls
 f - a scroll of recharging {unknown}
 l - a scroll of amnesia {unknown}
 n - 2 scrolls of teleportation {unknown}
 o - a scroll of identify {unknown}
Potions
 a - a potion of heal wounds {unknown}
 q - a potion of curing {unknown}
Books
 b - a book of Air

   Spells                             Type                      Level
   a - Shock                          Conjuration/Air              1
   b - Swiftness                      Charms/Air                   2
   c - Repel Missiles                 Charms/Air                   2
   d - Static Discharge               Conjuration/Air              3
   e - Lightning Bolt                 Conjuration/Air              5
Comestibles
 c - 5 bread rations
 h - a royal jelly
 i - a slice of pizza


   Skills:
 - Level 2.1 Dodging
 - Level 2.1 Stealth
 - Level 2.4 Spellcasting
 * Level 3.5 Conjurations
 + Level 5.1 Air Magic


You had 2 spell levels left.
You knew the following spells:

 Your Spells              Type           Power        Failure   Level  Hunger
a - Shock                 Conj/Air       ###.         12%         1    #......
b - Repel Missiles        Chrm/Air       ##....       34%         2    ##.....
c - Swiftness             Chrm/Air       ##......     34%         2    ##.....


Dungeon Overview and Level Annotations

Branches:
Dungeon (3/15)

Altars:
Gozag

Annotations:
D:2 Purgy
D:3 Grinder


Message History

The zap hits Purgy.
Purgy is heavily wounded.
The zap hits Purgy.
Purgy is severely wounded.
Purgy bites you.
* * * LOW HITPOINT WARNING * * *
Purgy claws you but does no damage. Purgy claws you.
* * * LOW HITPOINT WARNING * * *
Purgy hisses menacingly.
Casting: Shock
Confirm with . or Enter, or press ? or * to list all spells.
Okay, then.
Casting: Shock
Confirm with . or Enter, or press ? or * to list all spells.
You miscast Swiftness.
You are very lightly contaminated with residual magic.
Nothing appears to happen.
Purgy misses you. Purgy claws you.
* * * LOW HITPOINT WARNING * * *
Purgy claws you.
You die...

##<....## ###..#
##...## #.## ##'##
#.# #.# #.# #.# #.#
##.###########.#
##...##.........#
#.....#.######T.#
#............@..#
####.#.###.######.##
.....#.# #.######.#
######.# #........#
#.# ########## #>#
######.# .......#
.#####.#


You could see Purgy.

Vanquished Creatures
  3 adders (D:2)
  2 worms (D:2)
  2 dart slugs (D:2)
  3 giant geckos
  7 bats
  3 giant cockroaches
  4 goblins
  10 hobgoblins
  6 jackals
  2 quokkas (D:2)
  A ball python (D:1)
  2 giant newts
  9 kobolds
  5 rats
59 creatures vanquished.

Notes
Turn   | Place    | Note
--------------------------------------------------------------
     0 | D:1      | Rhaelyrin the High Elf Air Elementalist began the quest for the Orb.
     0 | D:1      | Reached XP level 1. HP: 11/11 MP: 4/4
   450 | D:1      | Reached XP level 2. HP: 17/17 MP: 4/6
   650 | D:1      | Reached skill level 4 in Air Magic
   804 | D:1      | Learned a level 2 spell: Repel Missiles
   807 | D:1      | Learned a level 2 spell: Swiftness
  1728 | D:2      | Reached XP level 3. HP: 21/21 MP: 0/7
  2229 | D:2      | Found an opulent altar of Gozag.
  2743 | D:2      | Reached skill level 5 in Air Magic
  2743 | D:2      | Reached XP level 4. HP: 17/27 MP: 5/8
  3894 | D:3      | Noticed Purgy
  3896 | D:3      | Noticed Grinder
  4089 | D:2      | Slain by Purgy

Skill      XL: |  1  2  3 |
---------------+----------+-----
Air Magic      | 4 5 |  5.1
Conjurations   | 2 3 |  3.5
Dodging        | |  2.1
Stealth        | |  2.1
Spellcasting   | |  2.4

Action                   |  1- 3 |  4- 6 || total
-------------------------+-------+-------++-------
Melee: Dagger            |   182 |   129 ||   311
 Cast: Shock             |    38 |    35 ||    73
 Stab: Sleeping          |     1 |       ||     1
  Eat: Chunk             |     6 |     5 ||    11
Armor: Ring mail         |   104 |   114 ||   218
Dodge: Dodged            |   138 |   134 ||   272
